Map: Cosmic Sapphire

Players

Nerosus

  • Race: Zerg Zerg
  • Spawn Location: 5:00

Creature - Winner!

  • Race: Protoss Protoss
  • Spawn Location: 11:00

Event: DreamHack SC2 Masters 2022 Atlanta (Offline)

VOD

Have the link to the VOD?

Description

Time

  • Played on: Nov. 18, 2022, 1:45 p.m.
  • Length: 10:43

All games in this series

Show
View Real Time Build Order
Export as new Build Order

Nerosus Zerg 

Build Orders: Hatch First 

Get SALT Encoding   

  12  0:00  Drone  
  13  0:13  Overlord  
  13  0:17  Drone  
  14  0:31  Drone x2  
  16  0:48  Hatchery  
  15  0:52  Drone  
  15  0:55  Drone  
  17  1:00  Drone  
  18  1:09  Extractor  
  17  1:16  Spawning Pool  
  16  1:19  Drone  
  16  1:21  Drone  
  18  1:30  Drone  
  19  1:42  Drone  
  20  1:52  Overlord  
  20  2:02  Queen x2  
  20  2:03  Zergling x4  
  26  2:13  Drone x2  
  28  2:22  Metabolic Boost  
  28  2:26  Drone x2  
  30  2:37  Hatchery  
  29  2:45  Drone x3  
  29  2:49  Overlord  
  32  2:59  Queen  
  32  3:01  Drone x2  
  36  3:10  Drone x2  
  36  3:11  Queen  
  40  3:15  Overlord  
  40  3:20  Drone x2  
  40  3:22  Drone  
  43  3:28  Zergling x2  
  44  3:36  Roach Warren  
  44  3:40  Queen  
  45  3:41  Drone x2  
  45  3:42  Drone  
  48  3:48  Drone x3  
  48  3:55  Zergling x4  
  53  4:00  Queen  
  55  4:02  Spore Crawler  
  55  4:04  Spore Crawler  
  55  4:06  Drone x2  
  55  4:17  Roach  
  55  4:18  Overlord x2  
  55  4:24  Overlord  
  55  4:38  Roach x7  
  68  4:39  Zergling x2  
  69  4:47  Drone x2  
  69  4:48  Extractor  
  70  4:54  Drone x3  
  73  5:03  Drone x3  
  76  5:07  Lair  
  76  5:11  Drone x3  
  78  5:18  Spore Crawler  
  78  5:19  Drone x3  
  80  5:26  Drone  
  80  5:28  Overlord x2  
  81  5:31  Overlord  
  76  5:51  Drone x8  
  80  5:57  Drone x3  
  80  6:02  Drone  
  84  6:08  Queen  
  84  6:10  Drone  
  84  6:11  Baneling Nest  
  86  6:14  Extractor  
  86  6:15  Drone x3  
  83  6:29  Overseer  
  83  6:31  Drone x8  
  91  6:33  Overlord, Extractor  
  91  6:34  Extractor, Overlord  
  91  6:38  Zergling x4  
  91  6:39  Glial Reconstitution  
  91  6:42  Overlord  
  91  6:44  Drone  
  92  6:52  Hatchery, Evolution Chamber  
  90  6:58  Zergling x8  
  90  7:00  Overseer  
  94  7:01  Overseer  
  94  7:07  Roach x6  
  103  7:21  Drone x3  
  106  7:23  Zerg Missile Weapons Level 1  
  106  7:25  Drone x2  
  106  7:26  Evolution Chamber  
  106  7:27  Ravager  
  106  7:29  Drone x3  
  111  7:30  Overlord x2  
  111  7:32  Drone x5  
  111  7:34  Extractor  
  114  7:40  Zergling x6  
  114  7:42  Baneling x3  
  117  7:50  Roach x2  
  121  7:52  Overseer  
  121  7:55  Zerg Melee Weapons Level 1  
  123  7:59  Infestation Pit  
  122  8:10  Roach  
  122  8:11  Roach x9  
  139  8:18  Zergling x6  
  134  8:31  Hatchery  
  133  8:36  Hive  
  133  8:39  Roach x5  
  133  8:40  Overlord x2  
  127  8:49  Roach x3  
  127  8:50  Roach  
  135  8:56  Overlord x2  
  135  9:01  Hatchery  
  132  9:03  Roach x5  
  132  9:06  Baneling  
  132  9:07  Baneling x2  
  142  9:11  Drone x4, Extractor  
  142  9:12  Extractor  
  142  9:14  Drone  
  145  9:19  Drone  
  136  9:41  Roach x9  
  148  9:47  Drone x3  
  151  9:58  Hatchery  
  151  9:59  Roach x5  
  160  10:04  Roach  
  160  10:06  Ravager x4  
  166  10:08  Zergling x4  
  166  10:24  Roach  
Show
View Real Time Build Order
Export as new Build Order

Creature Protoss - Winner!

Build Orders: 1 Gate Expand, Zealot Archon, Archon Drop, Dark Templar Rush 

Get SALT Encoding   

  12  0:00  Probe  
  13  0:12  Probe  
  14  0:19  Pylon  
  14  0:24  Probe  
  15  0:37  Probe (Chrono Boost)  
  15  0:38  Gateway  
  16  0:46  Probe (Chrono Boost)  
  16  0:47  Assimilator  
  17  0:52  Probe  
  18  1:04  Probe  
  19  1:16  Probe  
  20  1:24  Nexus  
  20  1:34  Cybernetics Core  
  20  1:37  Probe  
  21  1:43  Assimilator  
  21  1:49  Probe  
  21  1:51  Pylon  
  22  2:01  Probe (Chrono Boost)  
  23  2:07  Adept (Chrono Boost)  
  23  2:10  Warp Gate  
  23  2:13  Probe (Chrono Boost)  
  26  2:20  Probe (Chrono Boost)  
  26  2:21  Twilight Council  
  27  2:27  Probe  
  28  2:32  Stalker  
  28  2:35  Probe (Chrono Boost)  
  31  2:44  Probe (Chrono Boost)  
  32  2:48  Probe (Chrono Boost)  
  33  2:53  Gateway  
  33  2:55  Probe (Chrono Boost)  
  33  2:56  Probe (Chrono Boost)  
  35  2:59  Resonating Glaives (Chrono Boost)  
  35  3:04  Probe  
  35  3:05  Probe  
  37  3:09  Gateway  
  37  3:16  Adept  
  37  3:17  Probe x2  
  41  3:22  Pylon  
  41  3:29  Probe  
  41  3:31  Probe  
  43  3:42  Nexus  
  43  3:43  Pylon  
  43  3:45  Probe  
  44  3:52  Dark Shrine  
  44  3:53  Probe  
  45  4:01  Adept x2  
  49  4:04  Probe  
  49  4:05  Adept  
  49  4:08  Pylon  
  52  4:14  Probe  
  52  4:15  Pylon  
  52  4:16  Assimilator  
  53  4:21  Robotics Facility  
  53  4:30  Probe  
  54  4:38  Adept x3  
  58  4:39  Probe  
  58  4:45  Probe  
  60  4:50  Assimilator  
  60  4:52  Probe  
  61  4:56  Gateway  
  61  4:57  Gateway  
  61  4:58  Gateway, Probe x2  
  63  5:02  Adept  
  63  5:04  Probe  
  63  5:06  Dark Templar  
  68  5:10  Dark Templar  
  68  5:12  Probe  
  71  5:16  Warp Prism (Chrono Boost)  
  71  5:20  Probe  
  74  5:23  Probe  
  74  5:27  Shield Battery  
  75  5:38  Forge  
  75  5:40  Probe, Pylon  
  76  5:43  Probe  
  76  5:49  Probe  
  78  5:53  Archon  
  78  5:59  Dark Templar  
  78  6:00  Dark Templar  
  78  6:01  Probe  
  78  6:03  Archon  
  83  6:04  Protoss Ground Weapons Level 1 (Chrono Boost)  
  83  6:05  Probe  
  83  6:06  Probe  
  83  6:08  Assimilator  
  83  6:09  Assimilator  
  85  6:13  Probe, Gateway  
  85  6:15  Gateway  
  85  6:16  Pylon  
  86  6:19  Charge (Chrono Boost), Immortal (Chrono Boost)  
  86  6:22  Probe  
  91  6:25  Zealot  
  91  6:26  Zealot  
  91  6:28  Pylon  
  91  6:37  Zealot x3  
  91  6:39  Probe  
  98  6:46  Shield Battery  
  98  6:55  Gateway  
  98  6:56  Gateway  
  98  6:57  Observer (Chrono Boost), Dark Templar x2  
  98  6:59  Zealot, Pylon  
  98  7:00  Zealot x3  
  111  7:01  Probe x2  
  111  7:03  Probe  
  114  7:20  Archon, Dark Templar x2  
  114  7:21  Zealot x2  
  122  7:25  Archon  
  122  7:31  Probe  
  123  7:38  Nexus  
  123  7:41  Probe  
  123  7:43  Pylon  
  124  7:46  Pylon  
  124  7:53  Pylon  
  124  7:54  Pylon  
  114  8:11  Zealot x10  
  132  8:13  Probe  
  132  8:17  Immortal (Chrono Boost)  
  127  8:20  Probe  
  127  8:26  Blink (Chrono Boost)  
  126  8:29  Shield Battery, Templar Archives  
  126  8:30  Photon Cannon  
  124  8:44  Psionic Storm  
  124  8:47  Zealot x3  
  126  8:49  Zealot x7  
  140  9:00  Probe  
  140  9:01  Probe  
  142  9:12  High Templar x8  
  158  9:17  Archon  
  158  9:18  Archon  
  158  9:23  Stalker x2  
  162  9:26  Pylon  
  162  9:27  Pylon  
  162  9:37  Probe  
  159  9:40  Immortal (Chrono Boost), Pylon  
  163  9:47  Stalker x6  
  175  9:56  Pylon  
  167  10:02  High Templar x2  
  167  10:05  Assimilator x2  
  167  10:11  Warp Prism (Chrono Boost)  
  165  10:19  Stalker x5  
  169  10:31  Archon x2  
  146  10:38  Stalker x5  
Tags
 
Add a new tag
Caveats
  • Supply blocks, unpowered buildings, or Contaminate may cause inaccurate times.
  • Supply counts are checked every 10 seconds.